AoeStats
← jajita

Arabia

509665340Analyzed
2v2 RM · 4d ago on Sep 27, 2026· 83m 18s· 4 players
Game mode
Random Map
Map size
Medium (4 player)
Population
200
Speed
Normal
Resources
Standard
Victory
Conquest
Starting age
Dark Age
Ending age
Imperial Age
RankedLock teamsTeams togetherTeam positionsShared explorationLock speedFull tech treeHidden civsTurbo modeCheats
Victory
Defeat
🇺🇸 Khmer · United States
1180
+17
🇺🇸 Magyars · United States
1145
+18
🇧🇴 Bohemians · Bolivia
1195
-18
🇧🇴 Mongols · Bolivia
1194
-17
jajita
8:03 Feudal Age
7:28 Loom
8:38 Double-Bit Axe
11:10 Horse Collar
18:40 Castle Age
18:33 Bloodlines
18:36 Fletching
19:37 Bodkin Arrow
19:45 Husbandry
20:30 Padded Archer Armor
20:49 Bow Saw
27:03 Leather Archer Armor
27:33 Ballistics
33:22 Imperial Age
33:30 Heavy Cavalry Archer
34:12 Bracer
35:44 Wheelbarrow
35:00 Town Watch
35:46 Stone Mining
37:30 Chemistry
37:07 Gold Mining
37:25 Heavy Plow
38:45 Scale Barding Armor
38:51 Forging
39:24 Light Cavalry
41:09 Chain Barding Armor
41:25 Iron Casting
42:31 Hussar
44:10 Plate Barding Armor
44:13 Conscription
43:13 Elite Ballista Elephant
44:40 Hand Cart
46:04 Siege Engineers
46:10 Masonry
49:26 Blast Furnace
52:19 Double Crossbow
80:50 Spies/Treason
nakal
7:57 Loom
10:04 Feudal Age
11:35 Double-Bit Axe
21:27 Castle Age
20:09 Horse Collar
24:40 Bloodlines
24:30 Husbandry
24:39 Scale Barding Armor
23:59 Light Cavalry
26:34 Wheelbarrow
25:48 Town Watch
26:51 Gold Mining
26:54 Man-at-Arms
29:48 Bow Saw
40:35 Imperial Age
39:20 Elite Skirmisher
39:57 Fletching
40:08 Padded Archer Armor
43:44 Conscription
43:26 Cavalier
54:53 Ballistics
54:33 Pikeman
61:18 Hand Cart
62:11 Arson
64:25 Two-Man Saw
65:38 Scale Mail Armor
65:19 Halberdier
69:27 Chain Mail Armor
El_Pairus
7:51 Loom
10:15 Feudal Age
11:08 Horse Collar
23:11 Castle Age
21:32 Double-Bit Axe
22:29 Forging
22:19 Scale Mail Armor
23:10 Gold Mining
23:18 Pikeman
23:59 Squires
24:44 Heavy Plow
27:30 Fletching
28:16 Iron Casting
27:56 Chain Mail Armor
28:13 Bow Saw
29:35 Bodkin Arrow
30:17 Gold Shaft Mining
30:00 Padded Archer Armor
30:15 Chain Mail Armor
30:08 Scale Barding Armor
32:01 Ballistics
32:01 Padded Archer Armor
32:22 Chain Barding Armor
39:29 Imperial Age
37:07 Husbandry
37:27 Fortified Wall
38:22 Leather Archer Armor
37:56 Elite Skirmisher
38:55 Bloodlines
39:33 Wheelbarrow
39:53 Chain Mail Armor
39:19 Light Cavalry
41:11 Conscription
41:19 Hand Cart
42:19 Town Watch
43:03 Town Patrol
43:20 Siege Engineers
46:14 Bracer
48:47 Chemistry
49:51 Blast Furnace
49:21 Plate Mail Armor
48:54 Hussar
54:57 Elite Steppe Lancer
59:40 Drill
60:03 Onager
"$uckov"
3:20 Loom
10:09 Feudal Age
23:19 Castle Age
21:31 Double-Bit Axe
22:18 Fletching
24:02 Husbandry
23:25 Elite Skirmisher
24:10 Pikeman
24:41 Light Cavalry
25:55 Padded Archer Armor
26:51 Horse Collar
30:05 Heavy Plow
32:21 Bodkin Arrow
33:24 Wheelbarrow
33:30 Leather Archer Armor
34:26 Scale Barding Armor
35:14 Forging
36:16 Chain Barding Armor
37:23 Ballistics
40:52 Imperial Age
40:05 Chemistry
41:05 Bow Saw
43:13 Conscription
43:06 Bracer
46:39 Iron Casting
47:39 Onager
48:43 Scale Mail Armor
50:41 Blast Furnace
50:04 Murder Holes
50:52 Masonry
51:51 Chain Mail Armor
58:17 Town Watch
70:31 Hand Cart
70:11 Halberdier
72:53 Town Patrol
Connection lost

Rejoining the realm…

Still unreachable

The connection could not be restored.

Session expired

The server has moved on; the page needs a fresh start.